 Dungeon Crawl Stone Soup version 0.27-a0-13-g87abb2d9eb (webtiles) character file.

Game seed: 10206145214967156650

109 pistachioham the Vexing (level 4, -1/34 HPs)
             Began as a Gnoll Arcane Marksman on Jan 3, 2021.
             Slain by an adder (4 damage)
             ... on level 2 of the Dungeon.
             The game lasted 00:12:15 (2534 turns).

pistachioham the Vexing (Gnoll Arcane Marksman)     Turns: 2534, Time: 00:12:15

Health: -1/34      AC:  2    Str: 13    XL:     4   Next: 89%
Magic:  7/8        EV: 15    Int: 16    God:
Gold:   78         SH:  0    Dex: 15    Spells: 8/9 levels left

rFire    . . .     SeeInvis .   b - +4 dagger
rCold    . . .     Faith    +   (no shield)
rNeg     . . .     Spirit   .   e - +0 robe
rPois    .         Reflect  .   (no helmet)
rElec    .         Harm     .   (no cloak)
rCorr    .         Rampage  .   (no gloves)
Will     .....     Rnd*Tele +   (no boots)
Stlth    ++........             n - amulet of faith
HPRegen  0.11/turn              r - ring of teleportation (curse)
MPRegen  0.11/turn              (no ring)

@: lethally poisoned (-1 -> -6), hasted, very quick
A: distributed training, fangs 1, strong nose
a: no special abilities


You were on level 2 of the Dungeon.
You visited 1 branch of the dungeon, and saw 3 of its levels.

You collected 78 gold pieces.

Inventory:

Hand Weapons
 a - a +1 shortbow
 b - a +4 dagger (weapon)
 i - a +0 hand axe of venom
Missiles
 d - 29 arrows
Armour
 e - a +0 robe (worn)
Jewellery
 n - an amulet of faith (around neck)
 r - a cursed ring of teleportation (left hand)
Scrolls
 g - 2 scrolls of identify
 j - 2 scrolls of amnesia
Potions
 f - a potion of might
 m - a potion of brilliance {unknown}
 o - a potion of mutation {unknown}


   Skills:
 + Level 2.8 Fighting
 + Level 1.2 Short Blades
 + Level 1.2 Long Blades
 + Level 1.2 Axes
 + Level 1.2 Maces & Flails
 + Level 1.2 Polearms
 + Level 1.2 Staves
 + Level 1.2 Slings
 + Level 4.7 Bows
 + Level 1.2 Crossbows
 + Level 1.2 Throwing
 + Level 1.2 Armour
 + Level 4.7 Dodging
 + Level 1.2 Stealth
 + Level 1.2 Shields
 + Level 1.2 Unarmed Combat
 + Level 3.0 Spellcasting
 + Level 1.0 Conjurations
 + Level 5.5 Hexes
 + Level 1.0 Summonings
 + Level 1.0 Necromancy
 + Level 1.0 Translocations
 + Level 1.0 Transmutations
 + Level 1.0 Fire Magic
 + Level 1.0 Ice Magic
 + Level 1.0 Air Magic
 + Level 1.0 Earth Magic
 + Level 1.0 Poison Magic
 + Level 1.4 Invocations
 + Level 1.2 Evocations


You had 8 spell levels left.
You knew the following spells:

 Your Spells              Type           Power        Failure   Level
a - Corona                Hex            22%          1%          1

Your spell library contained the following spells:

 Spells                   Type           Power        Failure   Level
 Slow                     Hex            20%          3%          2
 Inner Flame              Hex/Fire       12%          14%         3
 Portal Projectile        Hex/Tloc       24%          14%         3
 Cause Fear               Hex            10%          19%         4
 Leda's Liquefaction      Hex/Erth       6%           43%         4


Dungeon Overview and Level Annotations

Branches:
Dungeon (3/15)

Altars:


Innate Abilities, Weirdness & Mutations

Your experience applies equally to all skills.
You have very sharp teeth.
Your uncanny sense of smell can sniff out nearby items.


Message History

The adder barely misses you.
You hit the adder.
You kill the adder!
The adder barely misses you.
You barely miss the adder.
You feel sick. The adder bites you.
* * * LOW HITPOINT WARNING * * *
You are more poisoned.
The adder poisons you!
Casting: Corona (safe; 1% risk of failure)
Confirm with . or Enter, or press ? or * to list all spells.
Aiming: Corona (safe; 1% risk of failure)
Press: ? - help, Shift-Dir - straight line, f - adder
Aim: an adder (chance to affect: 67%)
The adder is outlined in light.
The adder misses you.
You hit the adder.
The adder is lightly wounded.
You feel sick. The adder bites you.
* * * LOW HITPOINT WARNING * * *
It was a potion of haste.
You feel yourself speed up. The adder bites you.
You die...

#......# #.....########
#.####.# #.....# # #[#
#.# #.....# # #.####.#
####### #
#......############## #
#####.>.............# #
#....#............#####
#....#S#.#........<....
#....#@#.#..###..#.####
#........#..#....#.####
#....#.###..#.#.##.....
######..........##..###
#####.#..#.##..# #
#.#..#.##..# #
#.#........# #
#.#..#.....###
########.#..#####..##


You could see an adder (corona).

Vanquished Creatures
  A gnoll (D:1)
  3 adders
  A worm (D:2)
  A dart slug (D:1)
  2 leopard geckos
  3 orcs (D:3)
  A giant cockroach (D:1)
  6 goblins
  5 hobgoblins
  2 jackals (D:2)
  2 quokkas (D:2)
  9 bats
  A frilled lizard (D:1)
  4 kobolds
  26 rats
67 creatures vanquished.

Notes
Turn   | Place    | Note
-------+----------+-------------------------------------------
     0 | D:1      | pistachioham the Gnoll Arcane Marksman began the quest for
                  | the Orb.
     0 | D:1      | Reached XP level 1. HP: 17/17 MP: 4/4
   182 | D:1      | Reached XP level 2. HP: 23/23 MP: 5/5
   587 | D:1      | Reached XP level 3. HP: 28/28 MP: 5/7
   998 | D:2      | Reached skill level 1 in Invocations
  1265 | D:2      | Reached skill level 1 in Short Blades
  1265 | D:2      | Reached skill level 1 in Long Blades
  1265 | D:2      | Reached skill level 1 in Axes
  1265 | D:2      | Reached skill level 1 in Maces & Flails
  1265 | D:2      | Reached skill level 1 in Polearms
  1265 | D:2      | Reached skill level 1 in Staves
  1265 | D:2      | Reached skill level 1 in Slings
  1265 | D:2      | Reached skill level 1 in Crossbows
  1265 | D:2      | Reached skill level 1 in Throwing
  1265 | D:2      | Reached skill level 1 in Armour
  1265 | D:2      | Reached skill level 1 in Stealth
  1265 | D:2      | Reached skill level 1 in Shields
  1265 | D:2      | Reached skill level 1 in Unarmed Combat
  1265 | D:2      | Reached skill level 1 in Evocations
  1295 | D:2      | Reached XP level 4. HP: 20/34 MP: 8/8
  2065 | D:3      | Noticed an ogre
  2072 | D:3      | Reached skill level 1 in Conjurations
  2072 | D:3      | Reached skill level 1 in Summonings
  2072 | D:3      | Reached skill level 1 in Necromancy
  2072 | D:3      | Reached skill level 1 in Translocations
  2072 | D:3      | Reached skill level 1 in Transmutations
  2072 | D:3      | Reached skill level 1 in Fire Magic
  2072 | D:3      | Reached skill level 1 in Ice Magic
  2072 | D:3      | Reached skill level 1 in Air Magic
  2072 | D:3      | Reached skill level 1 in Earth Magic
  2072 | D:3      | Reached skill level 1 in Poison Magic
  2534 | D:2      | Slain by an adder

Illustrated notes

Levels and vault maps discovered:
D:1:      saegor_arrival_simple_e, layout_loops_ring
D:2:      layout_basic, minmay_rat_hole
D:3:      layout_basic, riverfiend_overflow_shadow_ancestor,
          chequers_serial_rivers_marsh, minmay_surrounded

Skill      XL: |  1  2  3  4 |
---------------+-------------+-----
Invocations    | 1 |  1.4
Short Blades   | 1 |  1.2
Long Blades    | 1 |  1.2
Axes           | 1 |  1.2
Maces & Flails | 1 |  1.2
Polearms       | 1 |  1.2
Staves         | 1 |  1.2
Slings         | 1 |  1.2
Crossbows      | 1 |  1.2
Throwing       | 1 |  1.2
Armour         | 1 |  1.2
Stealth        | 1 |  1.2
Shields        | 1 |  1.2
Unarmed Combat | 1 |  1.2
Evocations     | 1 |  1.2
Spellcasting   | 3 |  3.0
Conjurations   | 1 |  1.0
Summonings     | 1 |  1.0
Necromancy     | 1 |  1.0
Translocations | 1 |  1.0
Transmutations | 1 |  1.0
Fire Magic     | 1 |  1.0
Ice Magic      | 1 |  1.0
Air Magic      | 1 |  1.0
Earth Magic    | 1 |  1.0
Poison Magic   | 1 |  1.0
Fighting       | |  2.8
Bows           | |  4.7
Dodging        | |  4.7
Hexes          | |  5.5

Action                   |  1- 3 |  4- 6 || total
-------------------------+-------+-------++-------
Melee: Dagger            |    74 |    71 ||   145
       Bite              |     4 |     6 ||    10
       Punch             |       |     2 ||     2
 Fire: Shortbow          |    33 |     9 ||    42
 Cast: Corona            |    18 |    16 ||    34
  Use: Scroll            |       |     6 ||     6
       Potion            |       |     2 ||     2
 Stab: Sleeping          |     1 |       ||     1
Armor: Robe              |    12 |    12 ||    24
Dodge: Dodged            |    61 |    73 ||   134

Table legend: (Time is in decaauts)
 A = Elapsed time spent in this place.
 B = Non-inter-level travel time spent in this place.
 C = Inter-level travel time spent in this place.
 D = Time resting spent in this place.
 E = Time spent auto-exploring this place.
 F = Levels seen in this place.
 G = Mean time per level.
                   A        B        C        D        E       F      G
               +--------+--------+--------+--------+--------+-----+--------+
         Total |   2520 |   2451 |     69 |   1061 |    373 |   3 |  840.0 |
       Dungeon |   2520 |   2451 |     69 |   1061 |    373 |   3 |  840.0 |
               +--------+--------+--------+--------+--------+-----+--------+

Top non-repeatable levels by time:
     D:2: 1429 daAuts
     D:1: 956 daAuts
     D:3: 133 daAuts
